General information
- name: BNet
- type: Ladder 1vs1/FFA
- host: Battle.net
- saver: boba.0
map: TirisfalGlades
- players: 2
- length: 07:22
- speed: Fast
- version: 1.24 W3XP
- replay type: Public
» download(21 KB)
Players
team 1 (loser)

»
mpb13 (
green | 40 APM | 294 actions | 07:19)
1 Blademaster
1 Wind Walk
» actions
| Assign group hotkey | 8 | |
| Basic commands | 1 | |
| Build / train | 16 | |
| Enter build submenu | 11 | |
| Enter hero's abilities submenu | 1 | |
| Give item / drop item | 1 | |
| Remove unit from queue | 1 | |
| Right click | 82 | |
| Select / deselect | 82 | |
| Select group hotkey | 75 | |
| Use ability | 16 | |
294 total
» units
» buildings
| Altar of Storms | 1 | |
| Orc Burrow | 6 | |
| Voodoo Lounge | 1 | |
| Barracks | 2 | |
| Stronghold | 1 | |
11 total
» build order
00:04 Altar of Storms
00:12 Orc Burrow
00:26 Voodoo Lounge
01:31 Barracks
01:47 Barracks
01:56 Orc Burrow
03:46 Stronghold
05:21 Orc Burrow
05:54 Orc Burrow
06:31 Orc Burrow
06:59 Orc Burrow
» items
| Healing Salve | 1 | |
| Lesser Clarity Potion | 1 | |
2 total
team 2 (winner)
boba.0 (
red | 82 APM | 602 actions | 07:22)
2 Mountain King
1 Storm Bolt
1 Bash
» actions
| Assign group hotkey | 15 | |
| Basic commands | 23 | |
| Build / train | 40 | |
| ESC pressed | 2 | |
| Enter build submenu | 23 | |
| Enter hero's abilities submenu | 2 | |
| Right click | 290 | |
| Select / deselect | 140 | |
| Select group hotkey | 37 | |
| Use ability | 30 | |
602 total
» units
» upgrades
» buildings
| Barracks | 1 | |
| Farm | 5 | |
| Altar of Kings | 1 | |
| Scout Tower | 9 | |
| Lumber Mill | 1 | |
| Arcane Tower | 2 | |
| Guard Tower | 5 | |
| Keep | 1 | |
25 total
» build order
00:07 Barracks
00:12 Farm
00:41 Altar of Kings
00:59 Farm
02:03 Farm
02:06 Farm
02:10 Scout Tower
02:30 Farm
03:03 Lumber Mill
03:18 Arcane Tower
04:43 Scout Tower
04:59 Arcane Tower
05:00 Scout Tower
05:09 Scout Tower
05:24 Guard Tower
05:25 Guard Tower
05:28 Scout Tower
05:29 Scout Tower
05:58 Guard Tower
06:09 Scout Tower
06:22 Keep
06:27 Scout Tower
06:41 Scout Tower
06:44 Guard Tower
07:18 Guard Tower
Chat log
(07:15 / All) mpb13: gg
(07:18 / All) boba.0: rofl